General information
- name: BNet
- type: Ladder team game (AT/RT)
- host: Battle.net
- saver: USAALLDAY
map: Mur'gulOasis
- players: 8
- length: 20:20
- speed: Fast
- version: 1.26 W3XP
- replay type: Public
» download(154 KB)
Players
team 1 (loser)
Viktor314 (
teal | 73 APM | 1006 actions | 13:49)
3 Archmage
1 Summon Water Elemental
1 Brilliance Aura
1 Blizzard
1 Paladin
1 Holy Light
» actions
| Assign group hotkey | 39 | |
| Basic commands | 19 | |
| Build / train | 41 | |
| Enter build submenu | 15 | |
| Enter hero's abilities submenu | 4 | |
| Right click | 399 | |
| Select / deselect | 170 | |
| Select group hotkey | 278 | |
| Use ability | 41 | |
1006 total
» units
| Peasant | 12 | |
| Rifleman | 8 | |
| Mortar Team | 4 | |
24 total
» upgrades
| Gunpowder | 2 | |
| Armor | 2 | |
| Lumber Harvesting | 1 | |
| Long Rifles | 1 | |
| Masonry | 1 | |
7 total
» buildings
| Altar of Kings | 1 | |
| Farm | 6 | |
| Lumber Mill | 1 | |
| Barracks | 1 | |
| Blacksmith | 1 | |
| Scout Tower | 2 | |
| Keep | 1 | |
| Arcane Tower | 1 | |
| Guard Tower | 1 | |
| Workshop | 1 | |
| Castle | 1 | |
17 total
» build order
00:11 Altar of Kings
00:18 Farm
00:31 Lumber Mill
01:10 Barracks
01:35 Farm
01:47 Blacksmith
02:17 Scout Tower
02:39 Keep
02:50 Farm
02:54 Arcane Tower
03:11 Scout Tower
03:40 Guard Tower
04:28 Farm
06:24 Farm
07:06 Workshop
10:57 Farm
12:59 Castle

»
EDWARDGEIN (
pink | 56 APM | 811 actions | 14:28)
3 Mountain King
2 Storm Bolt
1 Bash
2 Paladin
1 Holy Light
1 Devotion Aura
» actions
| Assign group hotkey | 9 | |
| Build / train | 44 | |
| Enter build submenu | 21 | |
| Enter hero's abilities submenu | 5 | |
| Remove unit from queue | 2 | |
| Right click | 305 | |
| Select / deselect | 201 | |
| Select group hotkey | 182 | |
| Use ability | 42 | |
811 total
» units
| Peasant | 8 | |
| Footman | 11 | |
| Spell Breaker | 6 | |
| Mortar Team | 1 | |
26 total
» upgrades
» buildings
| Lumber Mill | 1 | |
| Farm | 8 | |
| Altar of Kings | 1 | |
| Barracks | 1 | |
| Scout Tower | 3 | |
| Arcane Tower | 1 | |
| Arcane Vault | 1 | |
| Keep | 1 | |
| Guard Tower | 1 | |
| Blacksmith | 1 | |
| Arcane Sanctum | 2 | |
| Workshop | 1 | |
| Castle | 1 | |
23 total
» build order
00:11 Lumber Mill
00:19 Farm
00:25 Farm
00:33 Altar of Kings
00:52 Barracks
01:12 Farm
01:47 Scout Tower
02:10 Farm
02:20 Arcane Tower
02:50 Arcane Vault
03:25 Farm
04:37 Keep
04:41 Farm
05:06 Scout Tower
06:12 Guard Tower
06:15 Scout Tower
06:29 Blacksmith
07:11 Arcane Sanctum
07:16 Arcane Sanctum
07:37 Farm
09:06 Workshop
10:35 Castle
10:41 Farm
» items
| Scroll of Regeneration | 1 | |
| Scroll of Town Portal | 1 | |
| Potion of Lesser Invulnerability | 1 | |
3 total
champagne (
red | 102 APM | 1427 actions | 13:55)
2 Archmage
1 Summon Water Elemental
1 Brilliance Aura
1 Paladin
1 Holy Light
» actions
| Assign group hotkey | 16 | |
| Build / train | 39 | |
| Enter build submenu | 15 | |
| Enter hero's abilities submenu | 3 | |
| Right click | 687 | |
| Select / deselect | 211 | |
| Select group hotkey | 411 | |
| Use ability | 45 | |
1427 total
» units
| Peasant | 14 | |
| Footman | 8 | |
| Rifleman | 1 | |
| Siege Engine | 2 | |
| Knight | 1 | |
26 total
» upgrades
| Defend | 1 | |
| Long Rifles | 1 | |
| Barrage | 1 | |
| Lumber Harvesting | 1 | |
4 total
» buildings
| Altar of Kings | 1 | |
| Farm | 6 | |
| Barracks | 1 | |
| Arcane Vault | 1 | |
| Lumber Mill | 1 | |
| Keep | 1 | |
| Blacksmith | 1 | |
| Castle | 1 | |
| Workshop | 2 | |
| Scout Tower | 1 | |
| Guard Tower | 1 | |
17 total
» build order
00:10 Altar of Kings
00:15 Farm
00:26 Barracks
01:03 Farm
02:00 Farm
02:21 Arcane Vault
02:49 Farm
03:38 Farm
03:58 Lumber Mill
04:00 Keep
04:42 Blacksmith
06:30 Castle
06:40 Workshop
07:12 Workshop
07:18 Farm
07:22 Scout Tower
08:50 Guard Tower
» items
ViVA.Random (
green | 57 APM | 1162 actions | 20:18)
4 Demon Hunter
2 Mana Burn
2 Evasion
1 Keeper of the Grove
1 Entangling Roots
» actions
| Basic commands | 1 | |
| Build / train | 43 | |
| Enter build submenu | 14 | |
| Enter hero's abilities submenu | 5 | |
| Right click | 761 | |
| Select / deselect | 290 | |
| Use ability | 48 | |
1162 total
» units
» upgrades
| Ultravision | 1 | |
| Abolish Magic | 1 | |
2 total
» buildings
| Altar of Elders | 1 | |
| Ancient of War | 1 | |
| Moon Well | 5 | |
| Tree of Ages | 1 | |
| Ancient of Wind | 1 | |
| Tree of Eternity | 1 | |
| Hunter's Hall | 1 | |
| Ancient of Wonders | 1 | |
| Ancient of Lore | 2 | |
14 total
» build order
00:18 Altar of Elders
00:29 Ancient of War
00:35 Moon Well
01:44 Moon Well
03:12 Moon Well
05:10 Tree of Ages
05:14 Moon Well
06:21 Moon Well
08:46 Ancient of Wind
08:48 Tree of Eternity
08:58 Hunter's Hall
09:28 Ancient of Wonders
10:38 Ancient of Lore
10:44 Ancient of Lore
» items
| Scroll of Town Portal | 2 | |
| Orb of Venom | 1 | |
3 total
team 2 (winner)

»
MaXa36. (
orange | 53 APM | 1071 actions | 20:19)
4 Death Knight
2 Death Coil
2 Unholy Aura
3 Lich
2 Frost Nova
1 Frost Armor
» actions
| Assign group hotkey | 26 | |
| Build / train | 58 | |
| Enter build submenu | 16 | |
| Enter hero's abilities submenu | 7 | |
| Remove unit from queue | 1 | |
| Right click | 390 | |
| Select / deselect | 196 | |
| Select group hotkey | 330 | |
| Use ability | 47 | |
1071 total
» units
| Acolyte | 6 | |
| Ghoul | 2 | |
| Crypt Fiend | 14 | |
| Obsidian Statue | 1 | |
| Abomination | 6 | |
| Meatwagon | 1 | |
30 total
» upgrades
| Web | 1 | |
| Creature Attack | 2 | |
| Creature Carapace | 2 | |
| Disease Cloud | 1 | |
| Exhume Corpses | 1 | |
| Unholy Strength | 2 | |
| Unholy Armor | 2 | |
11 total
» buildings
| Graveyard | 1 | |
| Crypt | 1 | |
| Ziggurat | 6 | |
| Altar of Darkness | 2 | |
| Tomb of Relics | 1 | |
| Nerubian Tower | 1 | |
| Halls of the Dead | 3 | |
| Slaughterhouse | 3 | |
| Spirit Tower | 1 | |
| Black Citadel | 1 | |
| Necropolis | 1 | |
21 total
» build order
00:21 Graveyard
00:24 Crypt
00:46 Ziggurat
00:57 Altar of Darkness
01:17 Tomb of Relics
02:00 Ziggurat
02:33 Nerubian Tower
03:48 Ziggurat
04:35 Halls of the Dead
04:35 Halls of the Dead
07:28 Slaughterhouse
07:41 Spirit Tower
07:52 Slaughterhouse
08:55 Altar of Darkness
09:36 Ziggurat
09:37 Ziggurat
10:46 Black Citadel
13:50 Slaughterhouse
15:02 Necropolis
16:03 Ziggurat
» items
| Rod of Necromancy | 1 | |
| Scroll of Town Portal | 1 | |
2 total

»
hrns (
yellow | 102 APM | 2068 actions | 20:19)
5 Death Knight
3 Death Coil
2 Unholy Aura
4 Lich
2 Frost Nova
2 Frost Armor
3 Crypt Lord
2 Impale
1 Spiked Carapace
» actions
| Assign group hotkey | 30 | |
| Basic commands | 257 | |
| Build / train | 60 | |
| Enter build submenu | 12 | |
| Enter hero's abilities submenu | 12 | |
| Give item / drop item | 3 | |
| Remove unit from queue | 1 | |
| Right click | 912 | |
| Select / deselect | 518 | |
| Select group hotkey | 164 | |
| Use ability | 99 | |
2068 total
» units
| Acolyte | 2 | |
| Ghoul | 2 | |
| Crypt Fiend | 9 | |
| Obsidian Statue | 4 | |
| Abomination | 1 | |
18 total
» upgrades
| Burrow | 1 | |
| Destroyer Form | 1 | |
| Creature Attack | 3 | |
| Web | 1 | |
| Creature Carapace | 3 | |
| Backpack | 1 | |
| Disease Cloud | 1 | |
11 total
» buildings
| Graveyard | 1 | |
| Crypt | 1 | |
| Altar of Darkness | 1 | |
| Ziggurat | 7 | |
| Tomb of Relics | 1 | |
| Nerubian Tower | 1 | |
| Halls of the Dead | 1 | |
| Slaughterhouse | 1 | |
| Black Citadel | 5 | |
19 total
» build order
00:16 Graveyard
00:19 Crypt
00:41 Altar of Darkness
00:57 Ziggurat
01:19 Tomb of Relics
02:04 Ziggurat
02:44 Nerubian Tower
03:59 Halls of the Dead
04:40 Ziggurat
06:24 Slaughterhouse
06:44 Black Citadel
06:44 Black Citadel
06:44 Black Citadel
09:09 Ziggurat
11:12 Ziggurat
11:12 Ziggurat
15:09 Ziggurat
» items
| Rod of Necromancy | 4 | |
| Sacrificial Skull | 1 | |
| Scroll of Town Portal | 2 | |
| Orb of Corruption | 1 | |
8 total
GaZaG (
blue | 66 APM | 1346 actions | 20:19)
5 Death Knight
3 Death Coil
1 Unholy Aura
1 Death Pact
» actions
| Assign group hotkey | 23 | |
| Basic commands | 1 | |
| Build / train | 53 | |
| ESC pressed | 1 | |
| Enter build submenu | 16 | |
| Enter hero's abilities submenu | 5 | |
| Give item / drop item | 1 | |
| Right click | 254 | |
| Select / deselect | 168 | |
| Select group hotkey | 764 | |
| Use ability | 60 | |
1346 total
» units
| Acolyte | 8 | |
| Ghoul | 2 | |
| Crypt Fiend | 14 | |
| Obsidian Statue | 2 | |
26 total
» upgrades
| Burrow | 1 | |
| Web | 1 | |
| Creature Attack | 2 | |
| Creature Carapace | 2 | |
6 total
» buildings
| Crypt | 2 | |
| Graveyard | 1 | |
| Altar of Darkness | 1 | |
| Ziggurat | 7 | |
| Tomb of Relics | 1 | |
| Nerubian Tower | 2 | |
| Halls of the Dead | 2 | |
| Spirit Tower | 4 | |
| Slaughterhouse | 1 | |
| Sacrificial Pit | 1 | |
| Black Citadel | 1 | |
23 total
» build order
00:11 Crypt
00:18 Graveyard
00:43 Altar of Darkness
00:59 Ziggurat
01:28 Tomb of Relics
02:00 Nerubian Tower
02:19 Ziggurat
04:08 Halls of the Dead
04:08 Halls of the Dead
04:46 Spirit Tower
04:50 Ziggurat
05:01 Crypt
06:19 Ziggurat
08:50 Spirit Tower
09:26 Slaughterhouse
09:41 Sacrificial Pit
12:45 Ziggurat
12:47 Ziggurat
12:49 Ziggurat
15:13 Spirit Tower
15:14 Nerubian Tower
15:16 Spirit Tower
16:20 Black Citadel
» items
| Rod of Necromancy | 3 | |
| Potion of Lesser Invulnerability | 1 | |
| Scroll of Town Portal | 1 | |
| Potion of Healing | 1 | |
6 total
USAALLDAY (
purple | 72 APM | 1466 actions | 20:20)
6 Blood Mage
3 Flame Strike
2 Siphon Mana
1 Summon Phoenix
» actions
| Assign group hotkey | 209 | |
| Basic commands | 37 | |
| Build / train | 81 | |
| Enter build submenu | 36 | |
| Enter hero's abilities submenu | 6 | |
| Right click | 605 | |
| Select / deselect | 227 | |
| Select group hotkey | 154 | |
| Use ability | 111 | |
1466 total
» units
| Peasant | 13 | |
| Footman | 16 | |
| Sorceress | 3 | |
32 total
» upgrades
| Sorceress Training | 1 | |
| Magic Sentry | 1 | |
| Lumber Harvesting | 2 | |
| Masonry | 1 | |
| Animal War Training | 1 | |
| Swords | 1 | |
| Armor | 1 | |
| Storm Hammers | 1 | |
9 total
» buildings
| Altar of Kings | 1 | |
| Barracks | 1 | |
| Farm | 6 | |
| Scout Tower | 24 | |
| Arcane Tower | 1 | |
| Arcane Vault | 1 | |
| Keep | 1 | |
| Lumber Mill | 2 | |
| Guard Tower | 6 | |
| Arcane Sanctum | 1 | |
| Castle | 1 | |
| Gryphon Aviary | 3 | |
| Blacksmith | 2 | |
50 total
» build order
00:46 Altar of Kings
00:47 Barracks
00:51 Farm
01:00 Scout Tower
01:05 Farm
01:06 Farm
02:21 Arcane Tower
03:02 Arcane Vault
03:55 Keep
04:09 Farm
04:10 Farm
04:14 Lumber Mill
04:42 Scout Tower
04:42 Scout Tower
04:45 Farm
05:21 Guard Tower
05:23 Scout Tower
05:25 Scout Tower
05:28 Scout Tower
06:16 Guard Tower
06:20 Arcane Sanctum
09:36 Lumber Mill
13:38 Scout Tower
13:39 Scout Tower
13:39 Scout Tower
13:39 Scout Tower
13:39 Scout Tower
13:40 Scout Tower
13:41 Scout Tower
13:47 Castle
14:22 Gryphon Aviary
14:22 Gryphon Aviary
14:25 Gryphon Aviary
14:51 Guard Tower
15:32 Guard Tower
15:37 Scout Tower
15:38 Scout Tower
15:39 Scout Tower
15:42 Scout Tower
15:43 Scout Tower
15:44 Scout Tower
15:46 Scout Tower
15:49 Scout Tower
15:51 Scout Tower
15:52 Scout Tower
15:53 Scout Tower
16:58 Guard Tower
17:14 Blacksmith
17:15 Blacksmith
18:18 Guard Tower
» items
| Scroll of Regeneration | 5 | |
| Boots of Speed | 1 | |
| Potion of Invisibility | 1 | |
| Staff of Teleportation | 1 | |
| Potion of Lesser Invulnerability | 1 | |
| Potion of Healing | 5 | |
| Potion of Mana | 3 | |
| Lesser Clarity Potion | 3 | |
| Scroll of Town Portal | 1 | |
21 total
Chat log
(00:10 / Allies) hrns: omg 3
(00:11 / Allies) hrns: ud
(00:20 / Allies) USAALLDAY: what are their races
(00:30 / Allies) MaXa36.: go mass
(00:35 / Allies) USAALLDAY: what are their races
(00:37 / Allies) USAALLDAY: do they have UD
(00:42 / Allies) MaXa36.: yep
(00:50 / Allies) MaXa36.: i think XD
(01:32 / Allies) hrns: hum scout ?
(02:12 / Allies) MaXa36.: no tower
(05:31 / Allies) hrns: back noob
(06:08 / Allies) MaXa36.: b
(06:20 / Allies) MaXa36.: focus elf?
(06:57 / Allies) MaXa36.: b
(07:17 / Allies) hrns: fuck item
(07:18 / Allies) MaXa36.: why mass tower?
(07:30 / Allies) hrns: go
(07:58 / Allies) MaXa36.: 3vs me
(09:04 / Allies) MaXa36.: ty
(10:00 / Allies) hrns: go fast
(10:01 / Allies) hrns: man
(10:27 / Allies) hrns: attack now
(10:49 / Allies) hrns: gogogo
(12:12 / Allies) hrns: wtf?
(12:14 / Allies) MaXa36.: ty for heal
(12:16 / Allies) MaXa36.: fukingn oob
(12:19 / Allies) hrns: b
(12:20 / Allies) hrns: orange
(12:25 / Allies) hrns: #i coil noob
(12:49 / Allies) hrns: b
(14:03 / All) USAALLDAY: US ALL DAY BABY
(14:04 / All) hrns: 8 skellts :D
(15:18 / All) USAALLDAY: Green you are garbage
(17:14 / All) MaXa36.: ?
(17:18 / All) hrns: leave?
(17:43 / All) USAALLDAY: USA! USA! USA!
(19:00 / All) USAALLDAY: USA
(19:01 / All) USAALLDAY: USA
(19:02 / All) USAALLDAY: USA!
(19:14 / All) ViVA.Random: i fuck you mom
(19:18 / All) ViVA.Random: i fuck you mom
(19:24 / All) ViVA.Random: i fuck you mom
(19:24 / All) USAALLDAY: YEAH RIGHT
(19:38 / All) hrns: we already fuck her
(19:39 / All) USAALLDAY: SHE IS AN AMERICAN WOMAN PROUD
(20:12 / All) USAALLDAY: American women aren't sluts like the European girls
(20:18 / All) USAALLDAY: Good Christian American women with strong values